 Dungeon Crawl Stone Soup version 0.29.1-1-gd02db6906a (webtiles) character file.

Game seed: 8292953297474718782

17 fino the Shield-Bearer (level 2, 0/28 HPs)
             Began as a Gargoyle Fighter on Oct 12, 2022.
             Frozen to death by an endoplasm (3 damage)
             ... on level 1 of the Dungeon.
             The game lasted 00:04:25 (865 turns).

fino the Shield-Bearer (Gargoyle Fighter)            Turns: 865, Time: 00:04:33

Health: 0/28       AC:  9    Str: 19    XL:     2   Next: 62%
Magic:  2/2        EV:  9    Int:  8    God:
Gold:   9          SH:  4    Dex:  9    Spells: 1/1 levels left

rFire   . . .      SeeInvis .   a - +0 flail
rCold   . . .      Faith    .   c - +0 buckler
rNeg    + . .      Spirit   .   b - +0 scale mail
rPois   ∞          Reflect  .   (no helmet)
rElec   +          Harm     .   (no cloak)
rCorr   .          Rampage  .   (no gloves)
Will    .....                   (no boots)
Stlth   ..........              (no amulet)
HPRegen 0.09/turn               (no ring)
MPRegen 0.08/turn               (no ring)

@: berserking, very quick
A: sickness immunity, AC +2, negative energy resistance 1, electricity
resistance, torment resistance 1, petrification resistance
a: no special abilities


You were on level 1 of the Dungeon.
You visited 1 branch of the dungeon, and saw 1 of its levels.

You collected 9 gold pieces.

Inventory:

Hand Weapons
 a - a +0 flail (weapon)
Armour
 b - a +0 scale mail (worn)
 c - a +0 buckler (worn)
Scrolls
 e - 3 scrolls of vulnerability {unknown}
 f - a scroll of identify {unknown}
Potions
 d - a potion of might


   Skills:
 + Level 3.5 Fighting
 + Level 2.3 Maces & Flails
 + Level 3.5 Armour
 + Level 3.5 Shields


You had one spell level left.
You didn't know any spells.
Your spell library was empty.

Dungeon Overview and Level Annotations

Branches:
Dungeon (1/15)

Altars:

Shops:
D:1 (


Innate Abilities, Weirdness & Mutations

You are immune to sickness and miasma.
Your stone body is resilient. (AC +2)
You are immune to poison.
You resist negative energy. (rN+)
You are resistant to electric shocks. (rElec)
You are resistant to unholy torment.
You are immune to petrification.


Message History

The endoplasm hits you but does no damage.
The frilled lizard closely misses you. The giant cockroach closely misses you.
You sock the frilled lizard!
You kill the frilled lizard!
The giant cockroach bites you but does no damage.
The frilled lizard bites you but does no damage.
The endoplasm hits you but does no damage.
You barely miss the frilled lizard.
The giant cockroach bites you but does no damage.
The frilled lizard barely misses you. The endoplasm freezes you.
You are frozen.
The giant cockroach bites you but does no damage.
The endoplasm barely misses you.
The frilled lizard bites you but does no damage.
You barely miss the frilled lizard.
The giant cockroach bites you but does no damage.
The frilled lizard bites you but does no damage.
The endoplasm hits you. You block the giant cockroach's attack.
You closely miss the frilled lizard. The frilled lizard barely misses you.
The endoplasm freezes you.
You are frozen.
* * * LOW HITPOINT WARNING * * *
You block the giant cockroach's attack.
You closely miss the frilled lizard. The giant cockroach bites you.
* * * LOW HITPOINT WARNING * * *
The frilled lizard bites you but does no damage.
The endoplasm barely misses you.
The giant cockroach bites you but does no damage.
The endoplasm freezes you.
You are frozen.
* * * LOW HITPOINT WARNING * * *
The frilled lizard bites you but does no damage.
It was a potion of berserk rage.
A red film seems to cover your vision as you go berserk!
You feel yourself moving faster!
You feel mighty! The giant cockroach barely misses you.
The frilled lizard misses you. The endoplasm freezes you.
You are frozen.
You die...

.# #......# #.........
.#####......###...#.J...
....##..............l...
....##..............#..#
.............##.........
...........>.##..#......
.................####...
.##..)......###Jl# .#
.###.######## #.@# #
.###.# #..B~~♣ .....#
####.~~P.# ##.####
.#.... ......# #.# ###
#..##.##### #.#
..........### #.#
...#........## #.#
...#...#.....# #.#


You could see an endoplasm, a giant cockroach and a frilled lizard.

Vanquished Creatures
  A dart slug (D:1)
  3 endoplasms (D:1)
  3 kobolds (D:1)
  2 quokkas (D:1)
  A ball python (D:1)
  2 frilled lizards (D:1)
  A goblin (D:1)
  2 rats (D:1)
15 creatures vanquished.

Notes
Turn   | Place    | Note
-------+----------+-------------------------------------------
     0 | D:1      | fino the Gargoyle Fighter began the quest for the Orb.
     0 | D:1      | Reached XP level 1. HP: 14/14 MP: 1/1
   216 | D:1      | Reached XP level 2. HP: 18/19 MP: 2/2
   757 | D:1      | Found Houter's Antique Weapon Boutique.
   865 | D:1      | Frozen to death by an endoplasm

Illustrated notes

Levels and vault maps discovered:
D:1:      minmay_arrival_radiant_lines, layout_loops_ring, serial_shops,
          nicolae_lakefront_shop, minmay_misc_feat_plants, serial_bayou_pond_e

Action                   || total
-------------------------++-------
Melee: Flail             ||    50
  Use: Potion            ||     1
Armor: Scale mail        ||    38
Dodge: Dodged            ||    30
Block: Buckler           ||    10
